 Dungeon Crawl Stone Soup version 0.26-a0-660-gc07710193c (webtiles) character file.

Game seed: 8065597514780461084

304 Decritt the Firebug (level 6, 0/53 HPs)
             Began as a Draconian Fire Elementalist on Oct 6, 2020.
             Killed by divine providence
             ... invoked by an orc priest
              (12 damage)
             ... on level 4 of the Dungeon.
             The game lasted 00:18:36 (4311 turns).

Decritt the Firebug (Draconian Fire Elementalist)   Turns: 4311, Time: 00:18:37

Health: 0/53       AC:  7    Str: 10    XL:     6   Next: 15%
Magic:  4/9        EV: 12    Int: 23    God:
Gold:   235        SH:  0    Dex: 12    Spells: 8/9 levels left

rFire    . . .     SeeInvis .   r - +0 spear
rCold    . . .     Faith    .   (no shield)
rNeg     . . .     Spirit   .   (armour unavailable)
rPois    .         Reflect  .   (helmet restricted)
rElec    .         Harm     .   j - scarf {repulsion}
rCorr    .         Rampage  .   g - +0 pair of gloves
MR       .....                  (no boots)
Stlth    ++........             (no amulet)
HPRegen  0.17/turn              k - +6 ring of intelligence
MPRegen  0.11/turn              n - ring of wizardry

@: repel missiles
A: unfitting armour, cold-blooded, AC +6
a: no special abilities


You were on level 4 of the Dungeon.
You visited 1 branch of the dungeon, and saw 4 of its levels.

You collected 235 gold pieces.

Inventory:

Hand Weapons
 r - a +0 spear (weapon)
Missiles
 v - 8 poisoned darts (quivered)
 x - 3 javelins
Armour
 g - a +0 pair of gloves (worn)
 j - a scarf of repulsion (worn)
Jewellery
 a - a cursed -4 ring of intelligence
 k - a +6 ring of intelligence (left hand)
 n - a ring of wizardry (right hand)
 q - an uncursed ring of protection from fire {unknown}
 w - an uncursed amulet of guardian spirit {unknown}
Scrolls
 b - 2 scrolls of enchant armour
 c - a scroll of random uselessness {unknown}
 d - a scroll of fear {unknown}
 e - 2 scrolls of teleportation {unknown}
 f - 2 scrolls of amnesia
 i - 3 scrolls of remove curse
 m - a scroll of magic mapping {unknown}
 s - a scroll of fog {unknown}
 t - a scroll of immolation {unknown}
 u - a scroll of noise {unknown}
Potions
 h - 3 potions of curing
 l - 3 potions of mutation
 o - a potion of brilliance {unknown}
 p - 3 potions of might


   Skills:
 * Level 4.7 Fighting
 - Level 1.7 Dodging
 - Level 1.7 Stealth
 - Level 2.3 Spellcasting
 - Level 1.6 Conjurations
 + Level 4.8 Fire Magic


You had 8 spell levels left.
You knew the following spells:

 Your Spells              Type           Power        Failure   Level
a - Foxfire               Conj/Fire      ###.         1%          1

Your spell library contained the following spells:

 Spells                   Type           Power        Failure   Level
 Conjure Flame            Conj/Fire      ###.....     4%          3
 Inner Flame              Hex/Fire       ##......     6%          3
 Sticky Flame             Conj/Fire      ###.....     13%         4
 Fireball                 Conj/Fire      ###.......   34%         5


Dungeon Overview and Level Annotations

Branches:
Dungeon (4/15)
 Temple: D:4-7

Altars:
Wu Jian


Innate Abilities, Weirdness & Mutations

Your plain brown scales are hard. (AC +6)
You cannot fit into any form of body armour.
You are cold-blooded and may be slowed by cold attacks.


Message History

The orc priest is moderately wounded.
The orc priest shouts!
The orc priest moves out of view.
You hear a shout!
The orc priest looks encouraged for a moment.
Okay, then.
Okay, then.
Casting: Foxfire (safe; 1% risk of failure)
Confirm with . or Enter, or press ? or * to list all spells.
You conjure some foxfire!
The foxfire hits the orc priest but does no damage.
The orc priest is moderately wounded.
The foxfire hits the orc priest but does no damage.
The orc priest is moderately wounded.
Casting: Foxfire (safe; 1% risk of failure)
Confirm with . or Enter, or press ? or * to list all spells.
You conjure some foxfire!
The orc priest calls down the wrath of Beogh upon you.
Beogh smites you!
You die...

..............#......+
..............#......#
##...########.##.##..#
#...#
#...##.##'########
#....
........†........#
#....
.................#
#....
.................#
........v........#
.......)v@o......#
##+#####(####...###
...........##...#
...........#....#
...........#....#
...........#....'
...........####'#.
$..###+#.... .... ...
#..o.o


You could see an orc priest.

Vanquished Creatures
  A phantom (D:4)
  An orc priest (D:4)
  An iguana (D:2)
  A worker ant (D:2)
  5 adders
  2 oozes
  2 worms
  A dart slug (D:3)
  4 leopard geckos
  4 orcs (D:4)
  7 bats
  4 giant cockroaches
  9 goblins
  11 hobgoblins
  2 quokkas
  3 frilled lizards
  9 kobolds
  8 rats
75 creatures vanquished.

Vanquished Creatures (others)
  207 foxfires
207 creatures vanquished.

Grand Total: 282 creatures vanquished

Notes
Turn   | Place    | Note
-------+----------+-------------------------------------------
     0 | D:1      | Decritt the Draconian Fire Elementalist began the quest for
                  | the Orb.
     0 | D:1      | Reached XP level 1. HP: 14/14 MP: 3/3
   127 | D:1      | Reached XP level 2. HP: 20/20 MP: 3/5
  1435 | D:2      | Reached XP level 3. HP: 27/27 MP: 3/6
  1595 | D:2      | Reached skill level 1 in Fighting
  1927 | D:2      | Reached XP level 4. HP: 36/36 MP: 5/7
  3404 | D:3      | Reached XP level 5. HP: 43/45 MP: 8/8
  3493 | D:3      | Found an ornate altar of the Wu Jian Council.
  4062 | D:4      | Noticed a phantom
  4081 | D:4      | Killed a phantom
  4222 | D:4      | Reached XP level 6. HP: 44/53 MP: 9/9
  4311 | D:4      | Killed from afar by an orc priest

Illustrated notes

Levels and vault maps discovered:
D:1:      eino_arrival_cavern_e, layout_rooms
D:2:      layout_basic
D:3:      layout_basic, old_standard_altar
D:4:      layout_gridville, serial_shops, shop

Skill      XL: |  1  2  3  4  5 |
---------------+----------------+-----
Fighting       | 2 3 4 |  4.7
Fire Magic     | 4 |  4.8
Dodging        | |  1.7
Stealth        | |  1.7
Spellcasting   | |  2.3
Conjurations   | |  1.6

Action                   |  1- 3 |  4- 6 || total
-------------------------+-------+-------++-------
Melee: Unarmed           |    16 |       ||    16
       Spear             |       |    46 ||    46
       Tailslap          |       |     5 ||     5
 Cast: Foxfire           |    55 |    85 ||   140
  Use: Scroll            |       |     6 ||     6
Armor: Skin              |    12 |    25 ||    37
Dodge: Dodged            |    19 |    56 ||    75

Table legend: (Time is in decaauts)
 A = Elapsed time spent in this place.
 B = Non-inter-level travel time spent in this place.
 C = Inter-level travel time spent in this place.
 D = Time resting spent in this place.
 E = Time spent auto-exploring this place.
 F = Levels seen in this place.
 G = Mean time per level.
                   A        B        C        D        E       F      G
               +--------+--------+--------+--------+--------+-----+--------+
         Total |   4315 |   4225 |     90 |   1262 |   1891 |   4 | 1078.8 |
       Dungeon |   4315 |   4225 |     90 |   1262 |   1891 |   4 | 1078.8 |
               +--------+--------+--------+--------+--------+-----+--------+

Top non-repeatable levels by time:
     D:2: 1549 daAuts
     D:1: 1333 daAuts
     D:3: 1181 daAuts
     D:4: 251 daAuts
